 Dungeon Crawl Stone Soup version 0.31-a0-210-gccc998df9b (webtiles) character file.

Game seed: 10767247110072988704

152 qw the Shooter (level 5, 0/45 HPs)
             Began as a Minotaur Hexslinger on June 29, 2023.
             Slain by an orc wizard
             ... wielding a +0 dagger
              (1 damage)
             ... on level 3 of the Dungeon.
             The game lasted 00:00:41 (1647 turns).

qw the Shooter (Minotaur Hexslinger)                Turns: 1647, Time: 00:00:42

Health: 0/45       AC:  3    Str: 13    XL:     5   Next: 11%
Magic:  5/5        EV: 12    Int: 10    God:
Gold:   178        SH:  0    Dex: 14    Spells: 5/6 levels left

rFire   . . .        Y - +1 sling
rCold   . . .        (no shield)
rNeg    . . .        e - +0 leather armour
rPois   .            (helmet restricted)
rElec   .            (no cloak)
rCorr   .            (no gloves)
SInv    .            (no boots)
Will    .....        (no amulet)
Stlth   +            (no ring)
HPRegen 0.27/turn    (no ring)
MPRegen 0.09/turn

%: no passive effects
@: no status effects
A: horns 2, retaliatory headbutt
a: no special abilities


You were on level 3 of the Dungeon.
You visited 1 branch of the dungeon, and saw 3 of its levels.

You collected 178 gold pieces.


Innate Abilities, Weirdness & Mutations

You have a pair of horns on your head.
You reflexively headbutt those who attack you in melee.


   Skills:
 - Level 3.0 Fighting
 + Level 5.3 Ranged Weapons
 - Level 2.1 Dodging
 - Level 1.0 Spellcasting
 - Level 2.0 Hexes


You had 5 spell levels left.
You knew the following spells:

 Your Spells              Type           Power      Damage    Failure   Level
a - Slow                  Hex            16%        N/A       19%         1

Your spell library contained the following spells:

 Spells                   Type           Power      Damage    Failure   Level
 Inner Flame              Hex/Fire       2%         N/A       65%         3
 Portal Projectile        Hex/Tloc       4%         N/A       65%         3
 Cause Fear               Hex            2%         N/A       88%         4

Inventory:

Hand Weapons
 Y - a +1 sling (weapon)
Armour
 e - a +0 leather armour (worn)
 j - a +0 ring mail
Scrolls
 a - a scroll of identify
 c - a scroll of teleportation
 g - a scroll of fear {unknown}
Potions
 b - a potion of attraction {unknown}
 d - a potion of heal wounds
 f - a potion of haste {unknown}
 h - a potion of berserk rage {unknown}
 i - a potion of magic {unknown}

Dungeon Overview and Level Annotations

Branches:
Dungeon (3/15)

Altars:


Message History

The orc hits you with a +0 mace!
You shoot a sling bullet. The sling bullet hits the orc.
You kill the orc!
The bat closely misses you. The bat hits you but does no damage.
You hear some strange, mumbled words.
Something tries to affect you, but you resist.
You shoot a sling bullet. The sling bullet misses the bat.
The bat misses you. You furiously retaliate!
You headbutt the bat!
You kill the bat!
Something hits you.
You shoot a sling bullet. The sling bullet hits the orc!
You kill the orc!
Something barely misses you.
You shoot a sling bullet. Something hits you.
You shoot a sling bullet. Something hits you but does no damage.
Something hits you.
You shoot a sling bullet.
You hear some strange, mumbled words.
A puff of flame appears from out of thin air!
The puff of flame hits you!
You shoot a sling bullet. Something hits you.
You shoot a sling bullet. Something hits you.
You shoot a sling bullet. Something hits you.
You shoot a sling bullet. Something hits you but does no damage.
You shoot a sling bullet.
You hear some strange, mumbled words.
A puff of flame appears from out of thin air!
The puff of flame hits you.
You shoot a sling bullet. Something hits you.
You shoot a sling bullet. Something hits you but does no damage.
You shoot a sling bullet. Something hits you.
You die...

. .. ... ....
######.....
#..{))..#
#..@#####..
##..........
#...........
##..#.####.#
#...#.# ##
###..##.#.. .#.
#.....#.#......
#.........#...
#...#.#.###.#


There were no monsters in sight!

Vanquished Creatures
  An orc priest (D:2)
  Jessica (D:2)
  An orc wizard (D:2)
  3 dart slugs
  7 orcs
  8 bats
  2 endoplasms
  2 giant cockroaches
  7 goblins
  4 hobgoblins
  A quokka (D:1)
  10 ball pythons
  2 frilled lizards (D:1)
  6 kobolds
  5 rats
60 creatures vanquished.

Notes
Turn   | Place    | Note
-------+----------+-------------------------------------------
     0 | D:1      | qw the Minotaur Hexslinger began the quest for the Orb.
     0 | D:1      | Reached XP level 1. HP: 16/16 MP: 1/1
     0 | D:1      | 0 ||| qw: Version: 0.3-a-24-ga2abf7b
     0 | D:1      | 0 ||| qw: Game counter: 7040
     0 | D:1      | 0 ||| qw: Melee chars always use a shield: true
     0 | D:1      | 0 ||| qw: God list: Okawaru
     0 | D:1      | 0 ||| qw: Allow faded altars: false
     0 | D:1      | 0 ||| qw: Do Orc after clearing Dungeon:15 true
     0 | D:1      | 0 ||| qw: Do second Lair branch before Depths: true
     0 | D:1      | 0 ||| qw: Lair rune preference: random
     0 | D:1      | 0 ||| qw: Goals: Normal
     0 | D:1      | 0 ||| PLANNING D:1-11
    31 | D:1      | 31 ||| FLEEEEING.
    32 | D:1      | 32 ||| FLEEEEING.
    33 | D:1      | 33 ||| FLEEEEING.
    34 | D:1      | 34 ||| FLEEEEING.
    38 | D:1      | 38 ||| FLEEEEING.
    39 | D:1      | 39 ||| FLEEEEING.
    40 | D:1      | 40 ||| FLEEEEING.
    46 | D:1      | Reached skill level 3 in Ranged Weapons
    46 | D:1      | Reached XP level 2. HP: 18/23 MP: 2/2
   364 | D:1      | Reached XP level 3. HP: 29/29 MP: 3/3
   697 | D:1      | 697 ||| UPGRADING to +0 leather armour.
   707 | D:1      | 707 ||| DROPPING +0 robe.
   708 | D:1      | 708 ||| READING 2 scrolls labelled REYNERAE OWURU.
   709 | D:1      | 709 ||| DROPPING scroll of poison.
   764 | D:2      | Reached skill level 4 in Ranged Weapons
   815 | D:2      | Noticed Jessica
   822 | D:2      | Killed Jessica
   823 | D:2      | Reached XP level 4. HP: 36/36 MP: 4/4
   860 | D:2      | 860 ||| Stepping ~*~*~tactically~*~*~ (outnumbered).
   863 | D:2      | 863 ||| Stepping ~*~*~tactically~*~*~ (outnumbered).
   869 | D:2      | Reached skill level 5 in Ranged Weapons
  1192 | D:2      | Reached XP level 5. HP: 44/44 MP: 5/5
  1258 | D:2      | Reached skill level 3 in Fighting
  1561 | D:2      | 1561 ||| READING 2 scrolls labelled MIT FAXTIECSES.
  1565 | D:2      | 1565 ||| READING scroll labelled LEJA MYCIGGYO.
  1639 | D:3      | HP: 11/45 [something/puff of flame (9)]
  1644 | D:3      | HP: 3/45 [something/puff of flame (4)]
  1645 | D:3      | HP: 1/45 [something (2)]
  1647 | D:3      | Slain by an orc wizard

Levels and vault maps discovered:
D:1:      dpeg_arrival_tiny_j, layout_loops_ring, serial_bayou_pond_b,
          minmay_heptomino_w4
D:2:      layout_basic, minmay_misc_feat_alley, kennysheep_small_spiral,
          uniq_jessica
D:3:      minmay_wonky_spiral, layout_basic, nicolae_overflow_two_pavilions

Skill      XL: |  1  2  3  4  5 |
---------------+----------------+-----
Ranged Weapons | 3 4 5 |  5.3
Fighting       | 2 3 |  3.0
Dodging        | |  2.1
Spellcasting   | |  1.0
Hexes          | |  2.0

Action                     |  1- 3 |  4- 6 || total
---------------------------+-------+-------++-------
   Fire: Sling             |   103 |    68 ||   171
    Use: Scroll            |     1 |     2 ||     3
 Armour: Robe              |    10 |       ||    10
         Leather armour    |     4 |    11 ||    15
  Dodge: Dodged            |    25 |    21 ||    46

Table legend:
 A = Non-vault XP
 B = Vault XP
 C = Vault XP percentage of total XP
 D = Non-vault monster count
 E = Vault monster count
 F = Vault count percentage of total count
                 A         B        C        D         E       F
            +---------+---------+-------+---------+---------+-------
      Total |     164 |      54 |  24.8 |      48 |      12 |  20.0
            +---------+---------+-------+---------+---------+-------
        D:1 |      36 |      17 |  32.1 |      22 |      11 |  33.3
        D:2 |     110 |      37 |  25.2 |      19 |       1 |   5.0
        D:3 |      18 |       0 |   0.0 |       7 |       0 |   0.0
            +---------+---------+-------+---------+---------+-------
